 Dungeon Crawl Stone Soup version 0.17.1-1-g73c8601 (webtiles) character file.

114 abixa the Cudgeler (level 4, -3/45 HPs)
             Began as an Ogre Skald on Jan 4, 2016.
             Killed from afar by an orc wizard (5 damage)
             ... with a magic dart
             ... on level 4 of the Dungeon.
             The game lasted 00:08:37 (2387 turns).

abixa the Cudgeler (Ogre Skald)                     Turns: 2387, Time: 00:08:37

Health: -3/45      AC:  3    Str: 17    XL:     4   Next: 98%
Magic:  1/8        EV:  9    Int: 12    God:
Gold:   214        SH:  0    Dex:  9    Spells: 4 memorised, 1 level left

rFire  . . .     SeeInvis .     u - +0 flail
rCold  . . .     Clarity  .     b - +0 robe
rNeg   + . .     SustAt   .     (no shield)
rPois  .         Gourm    .     (helmet restricted)
rElec  .         Spirit   .     (no cloak)
rCorr  .         Warding  .     (gloves unavailable)
rMut   .         Stasis   .     (boots unavailable)
MR     .....                    (no amulet)
Stlth  +.........               (no ring)
                                w - ring of positive energy

@: lethally poisoned (-3 -> -7), singing (expiring), not resistant to hostile
enchantments, very unstealthy
A: unfitting armour, tough skin 1
a: Stop Singing


You were on level 4 of the Dungeon.
You were not hungry.

You visited 1 branch of the dungeon, and saw 4 of its levels.

You collected 214 gold pieces.

Inventory:

Hand Weapons
 u - a +0 flail (weapon)
 v - a +0 hunting sling
Missiles
 f - 101 stones (quivered)
 j - 20 poisoned needles
 l - 45 sling bullets
 m - 3 large rocks
Armour
 b - a +0 robe (worn)
Jewellery
 w - a ring of positive energy (left hand)
Scrolls
 e - 2 scrolls of enchant weapon {unknown}
 g - a scroll of blinking {unknown}
 h - 4 scrolls of identify
 i - 3 scrolls of remove curse
 p - a scroll of amnesia {unknown}
 q - a scroll of fog {unknown}
 s - a scroll of noise {unknown}
 t - a scroll of recharging {unknown}
Potions
 a - a potion of flight {unknown}
 k - a potion of magic {unknown}
 o - a potion of might {unknown}
Books
 c - a book of Battle

   Spells                             Type                      Level
   a - Infusion                       Charms                       1
   b - Shroud of Golubria             Charms/Translocation         2
   c - Song of Slaying                Charms                       2
   d - Spectral Weapon                Hexes/Charms                 3
   e - Regeneration                   Charms/Necromancy            3
Comestibles
 d - 6 bread rations
 n - a meat ration
 r - 4 chunks of flesh


   Skills:
 + Level 3.2 Fighting
 + Level 5.9 Maces & Flails
 - Level 1.3 Dodging
 - Level 3.0 Spellcasting
 - Level 2.1 Charms


You had one spell level left.
You knew the following spells:

 Your Spells              Type           Power        Failure   Level  Hunger
a - Infusion              Chrm           #.....       12%         1    #......
b - Song of Slaying       Chrm           #.......     17%         2    ###....
c - Shroud of Golubria    Chrm/Tloc      #.........   28%         2    ###....
d - Spectral Weapon       Hex/Chrm       #.......     56%         3    ###....


Dungeon Overview and Level Annotations

Branches:
Dungeon (4/15)
 Temple: D:4-7

Altars:
Elyvilon
Gozag


Innate Abilities, Weirdness & Mutations

You are too large for most types of armour.
You have tough skin (AC +1).


Message History

Your song is almost over.
You closely miss the orc.
You feel sick.
You sock the orc!
You kill the orc!
The orc priest mumbles some strange prayers to Beogh against you.
Something smites you!
* * * LOW HITPOINT WARNING * * *
You thump the orc!
You kill the orc!
* * * LOW HITPOINT WARNING * * *
You feel sick. Something hits you but does no damage.
Read which item? (? for menu, Esc to quit)
As you read the scroll labeled ZIREDWEEHA, it crumbles to dust.
It is a scroll of identify.
Identify which item? (\ to view known items) (? for menu, Esc to quit)
i - 3 scrolls of remove curse You hear some strange, mumbled words.
A magic dart appears from out of thin air!
The magic dart hits you!
You die...

#....#####
#.#.## #(..#
##.:#####.
#........
##..o####...
#.(oo....[..
####)####..
#@# #.....#
......##
#.####.# ...
.# ### .. ##


You could see an orc priest and 2 orcs.

Vanquished Creatures
  Robin (D:3)
  2 adders (D:4)
  A worm (D:2)
  A giant gecko (D:3)
  7 orcs
  A ball python (D:2)
  A giant cockroach (D:3)
  8 hobgoblins
  5 jackals (D:2)
  5 kobolds
  2 quokkas
  8 bats
  4 giant newts
  16 goblins
  8 rats
70 creatures vanquished.

Notes
Turn   | Place    | Note
--------------------------------------------------------------
     0 | D:1      | abixa the Ogre Skald began the quest for the Orb.
     0 | D:1      | Reached XP level 1. HP: 22/22 MP: 3/3
   198 | D:1      | Reached skill level 3 in Maces & Flails
   293 | D:1      | Reached XP level 2. HP: 26/29 MP: 5/5
   485 | D:1      | Reached skill level 4 in Maces & Flails
   854 | D:2      | Reached XP level 3. HP: 19/36 MP: 0/6
  1197 | D:2      | Found an opulent altar of Gozag.
  1254 | D:2      | Found a white marble altar of Elyvilon.
  1405 | D:3      | Reached skill level 5 in Maces & Flails
  1596 | D:3      | Noticed Robin
  1640 | D:3      | Killed Robin
  1640 | D:3      | Reached XP level 4. HP: 40/44 MP: 3/8
  1693 | D:3      | Found a faded altar to an unknown god.
  2312 | D:3      | Learned a level 2 spell: Song of Slaying
  2315 | D:3      | Learned a level 2 spell: Shroud of Golubria
  2319 | D:3      | Learned a level 3 spell: Spectral Weapon
  2385 | D:4      | HP: 2/45 [orc priest/divine providence (10)]
  2387 | D:4      | Killed from afar by an orc wizard

Action                   |  1- 3 |  4- 6 || total
-------------------------+-------+-------++-------
Melee: Mace              |    91 |       ||    91
       Flail             |    22 |    70 ||    92
Throw: Stone             |     4 |       ||     4
 Cast: Infusion          |    10 |     3 ||    13
       Song of Slaying   |       |     1 ||     1
  Use: Scroll            |       |     1 ||     1
 Stab: Sleeping          |     1 |       ||     1
  Eat: Chunk             |     2 |     3 ||     5
